 Dungeon Crawl Stone Soup version 0.21-a0-396-ga924934 (webtiles) character file.

109 Mitsuki the Slasher (level 4, -7/40 HPs)
             Began as a Minotaur Gladiator on Oct 19, 2017.
             Killed by divine providence
             ... invoked by an orc priest
              (16 damage)
             ... on level 3 of the Dungeon.
             The game lasted 00:05:22 (2144 turns).

Mitsuki the Slasher (Minotaur Gladiator)            Turns: 2144, Time: 00:05:22

Health: -7/40      AC: 11    Str: 20    XL:     4   Next: 60%
Magic:  3/3        EV:  7    Int:  5    God:
Gold:   148        SH:  0    Dex: 11    Spells: 3/3 levels left

rFire    . . .     SeeInvis .   a - +0 long sword
rCold    . . .     Gourm    .   (no shield)
rNeg     . . .     Faith    .   m - +0 plate armour
rPois    .         Spirit   .   c - +0 hat
rElec    .         Reflect  .   (no cloak)
rCorr    .         Harm     .   (no gloves)
MR       .....                  (no boots)
Stlth    ..........             (no amulet)
HPRegen  0.13/turn              (no ring)
MPRegen  0.08/turn              (no ring)

@: no status effects
A: retaliatory headbutt, horns 2
a: no special abilities


You were on level 3 of the Dungeon.
You were not hungry.

You visited 1 branch of the dungeon, and saw 3 of its levels.

You collected 148 gold pieces.

Inventory:

Hand Weapons
 a - a +0 long sword (weapon)
Missiles
 d - 3 throwing nets (quivered)
Armour
 c - a +0 hat (worn)
 m - a +0 plate armour (worn)
Wands
 l - a wand of random effects (22/48)
Potions
 e - 2 potions of lignification {unknown}
 g - 3 potions of heal wounds {unknown}
 h - a potion of brilliance {unknown}
 j - a potion of resistance {unknown}
Books
 i - a book of Clouds

   Spells                             Type                      Level
   a - Poisonous Vapours              Poison/Air                   2
   b - Mephitic Cloud                 Conjuration/Poison/Air       3
   c - Conjure Flame                  Conjuration/Fire             3
   d - Freezing Cloud                 Conjuration/Ice/Air          6
   e - Ring of Flames                 Charms/Fire                  7
Comestibles
 b - 7 chunks of flesh
 f - 3 bread rations
 k - 2 royal jellies
 n - a meat ration


   Skills:
 + Level 3.8 Fighting
 + Level 4.8 Long Blades
 - Level 2.0 Throwing
 + Level 2.7 Armour
 - Level 3.2 Dodging
 + Level 0.4 Evocations


You had 3 spell levels left.
You didn't know any spells.

Dungeon Overview and Level Annotations

Branches:
Dungeon (3/15)

Altars:
Gozag
Qazlal
Zin


Innate Abilities, Weirdness & Mutations

You reflexively headbutt those who attack you in melee.
You have a pair of horns on your head.


Message History

The quokka bites you but does no damage.
You take 2 damage, and have 11/40 hp.
You feel sick.
The quokka bites you but does no damage.
You take 1 damage, and have 10/40 hp.
You hear the rapid rusting of a very distant drain.
The orc priest looks braver for a moment.
You feel sick.
You are no longer poisoned.
You take 1 damage, and have 10/40 hp.
The quokka bites you.
* * * LOW HITPOINT WARNING * * *
You take 3 damage, and have 7/40 hp.
The adder bites you but does no damage. The adder barely misses you.
The adder bites you but does no damage.
The orc priest casts a cantrip, but nothing happens.
The orc priest mumbles some strange prayers to Beogh against you.
Beogh smites you!
You die...

### ##.##########
##...........#
#.#.#.######.#######
.##.##.#...........#
.........##...####.######
.##.##...o...rSS@.......#
#.#.#.##o###)######.....#
o....###.##.##.## ##.#
##.oS..Sr#.###..# #.#
##.......#.#...### #.#
########.##.##.88# #<# #
#.#.#....#.# #.# #
#.###...#..#.. ..# #
##.##)..(.(...###.#


You could see an orc priest, 2 adders and a quokka.

Vanquished Creatures
  A gnoll (D:1)
  4 adders
  An ooze (D:3)
  2 worms (D:2)
  A dart slug (D:3)
  4 orcs (D:3)
  3 giant cockroaches
  9 goblins
  6 hobgoblins
  A quokka (D:2)
  4 bats
  5 frilled lizards
  4 kobolds
  4 rats
  3 plants (D:3)
52 creatures vanquished.

Notes
Turn   | Place    | Note
-------+----------+-------------------------------------------
     0 | D:1      | Mitsuki the Minotaur Gladiator began the quest for the Orb.
     0 | D:1      | Reached XP level 1. HP: 18/18 MP: 0/0
   223 | D:1      | Reached skill level 1 in Armour
   223 | D:1      | Reached XP level 2. HP: 25/25 MP: 1/1
   358 | D:1      | Reached skill level 4 in Long Blades
   368 | D:1      | Found an opulent altar of Gozag.
   860 | D:1      | Reached XP level 3. HP: 31/31 MP: 2/2
  1621 | D:3      | Reached XP level 4. HP: 36/38 MP: 3/3
  1632 | D:3      | Found a glowing silver altar of Zin.
  2096 | D:3      | Found a stormy altar of Qazlal.
  2144 | D:3      | Killed from afar by an orc priest

Vault maps used:
D:1:      lightli_arrival_maybe_door_vault, minmay_misc_feat_columns,
          kennysheep_flooded_box, minmay_strange_pillars,
          minmay_misc_feat_alley, minmay_pentomino_v2
D:3:      nicolae_qazlal_general_emergency, lemuel_round_altar, first_bread,
          gup_sewer_entry_bowl, minmay_misc_feat_plants, minivault_5,
          serial_bayou_lagoon_a, guppyfry_early_orc_mine

Skill      XL: |  1  2  3 |
---------------+----------+-----
Armour         | 1 2 |  2.7
Long Blades    | 4 |  4.8
Fighting       | 3 |  3.8
Throwing       | |  2.0
Dodging        | |  3.2
Evocations     | |  0.4

Action                   |  1- 3 |  4- 6 || total
-------------------------+-------+-------++-------
Melee: Long sword        |   118 |    34 ||   152
       Headbutt          |    25 |     8 ||    33
  Use: Scroll            |     4 |       ||     4
  Eat: Chunk             |     1 |     1 ||     2
       Royal jelly       |       |     1 ||     1
Armor: Leather armour    |    16 |       ||    16
       Plate armour      |       |    25 ||    25
Dodge: Dodged            |    42 |    17 ||    59
       Rpst.: Long sword |     9 |     2 ||    11

Table legend:
 A = Spawn XP
 B = Non-spawn XP
 C = Spawn XP percentage of total XP
 D = Spawn monster count
 E = Non-spawn monster count
 F = Spawn count percentage of total count
 G = Total turns spent on level
                    A         B        C        D         E        F      G
               +---------+---------+-------+---------+---------+-------+---------
         Total |       0 |     157 |   0.0 |       0 |      49 |   0.0 |  2144
               +---------+---------+-------+---------+---------+-------+---------
           D:1 |       0 |      41 |   0.0 |       0 |      20 |   0.0 |   921
           D:2 |       0 |      49 |   0.0 |       0 |      11 |   0.0 |   605
           D:3 |       0 |      67 |   0.0 |       0 |      18 |   0.0 |   618
               +---------+---------+-------+---------+---------+-------+---------
